 Dungeon Crawl Stone Soup version 0.21.1-1-g345015f (webtiles) character file.

33 letownia2 the Changer (level 3, -1/26 HPs)
             Began as a Merfolk Transmuter on Mar 19, 2018.
             Slain by a frilled lizard (3 damage)
             ... on level 1 of the Dungeon.
             The game lasted 00:02:40 (336 turns).

letownia2 the Changer (Merfolk Transmuter)           Turns: 336, Time: 00:02:41

Health: -1/26      AC:  2    Str: 11    XL:     3   Next: 29%
Magic:  3/6        EV: 13    Int: 12    God:
Gold:   54         SH:  0    Dex: 14    Spells: 0/6 levels left

rFire    . . .     SeeInvis .     - Unarmed
rCold    . . .     Gourm    .   (no shield)
rNeg     . . .     Faith    .   b - +0 robe
rPois    .         Spirit   .   (no helmet)
rElec    .         Reflect  .   (no cloak)
rCorr    .         Harm     .   (no gloves)
MR       .....                  (no boots)
Stlth    +.........             e - amulet of magic regeneration
HPRegen  0.08/turn              (no ring)
MPRegen  0.35/turn              (no ring)

@: very slightly contaminated
A: change form in water, swift swim, stealthy swim
a: no special abilities


You were on level 1 of the Dungeon.
You were not hungry.

You visited 1 branch of the dungeon, and saw 2 of its levels.

You collected 54 gold pieces.

Inventory:

Missiles
 a - 12 arrows
Armour
 b - a +0 robe (worn)
 l - a +0 helmet
Jewellery
 e - an amulet of magic regeneration (around neck)
Scrolls
 f - a scroll of amnesia {unknown}
 h - a scroll of blinking {unknown}
 i - 2 scrolls of identify {unknown}
Potions
 g - 2 potions of curing {unknown}
 j - a potion of ambrosia {unknown}
 k - a potion of degeneration {unknown}
Books
 c - a book of Changes

   Spells                             Type                      Level
   a - Beastly Appendage              Transmutation                1
   b - Sticks to Snakes               Transmutation                2
   c - Spider Form                    Transmutation/Poison         3
   d - Ice Form                       Ice/Transmutation            4
   e - Blade Hands                    Transmutation                5
Comestibles
 d - 2 rations


   Skills:
 - Level 1.1 Fighting
 - Level 2.6 Dodging
 + Level 3.3 Unarmed Combat
 - Level 2.0 Spellcasting
 - Level 4.6 Transmutations
 + Level 0.4 Poison Magic


You couldn't memorise any spells.
You knew the following spells:

 Your Spells              Type           Power        Failure   Level  Hunger
a - Beastly Appendage     Tmut           ##....       4%          1    ##.....
l - Sticks to Snakes      Tmut           ##......     6%          2    ###....
p - Spider Form           Tmut/Pois      #.........   28%         3    ####...


Dungeon Overview and Level Annotations

Branches:
Dungeon (2/15)

Altars:


Message History

Confirm with . or Enter, or press ? or * to list all spells.
You miscast Spider Form.
You feel slightly ill.
Unknown command.
You closely miss the frilled lizard. The frilled lizard barely misses you.
You miss the frilled lizard. The frilled lizard barely misses you.
You closely miss the frilled lizard.
The frilled lizard bites you but does no damage.
You miss the frilled lizard. The frilled lizard bites you.
* * * LOW HITPOINT WARNING * * *
You closely miss the frilled lizard. The frilled lizard barely misses you.
You hit the frilled lizard.
The frilled lizard is heavily wounded.
The frilled lizard barely misses you.
You miss the frilled lizard.
The frilled lizard is heavily wounded.
The frilled lizard barely misses you.
You barely miss the frilled lizard.
The frilled lizard is heavily wounded.
The frilled lizard bites you.
You die...

.# ##......#.###
.###.....#...# #.#
........##.### #.# #
##.>...##..# #>#.#####
####..##.†### #.#......
≈≈≈#........# #.#.....?
..≈#........# #........
P)≈#........####........
PP≈#............@l......
P)♣#........###.........
..≈.........# ##........
..♣#........# #........
..≈#........# #........
..≈#........# #........
≈≈≈#..####### .........
####..# .#....... ....


You could see a frilled lizard.

Vanquished Creatures
  Robin (D:1)
  2 bats (D:1)
  A giant cockroach (D:1)
  4 hobgoblins
  2 kobolds
  7 goblins
  4 rats (D:1)
21 creatures vanquished.

Vanquished Creatures (others)
  5 toadstools (D:1)
5 creatures vanquished.

Grand Total: 26 creatures vanquished

Notes
Turn   | Place    | Note
-------+----------+-------------------------------------------
     0 | D:1      | letownia2 the Merfolk Transmuter began the quest for the Orb.
     0 | D:1      | Reached XP level 1. HP: 15/15 MP: 3/3
    33 | D:1      | Reached skill level 3 in Transmutations
   148 | D:1      | Reached XP level 2. HP: 12/21 MP: 5/5
   160 | D:1      | Learned a level 2 spell: Sticks to Snakes
   217 | D:2      | Noticed Robin
   241 | D:1      | Reached skill level 4 in Transmutations
   278 | D:1      | Killed Robin
   278 | D:1      | Reached XP level 3. HP: 9/26 MP: 6/6
   294 | D:1      | Learned a level 3 spell: Spider Form
   336 | D:1      | Slain by a frilled lizard

Skill      XL: |  1  2 |
---------------+-------+-----
Transmutations | 3 4 |  4.6
Fighting       | |  1.1
Dodging        | |  2.6
Unarmed Combat | |  3.3
Spellcasting   | |  2.0
Poison Magic   | |  0.4

Action                   || total
-------------------------++-------
Melee: Unarmed           ||    68
       Headbutt          ||     5
       Tailslap          ||     1
 Cast: Beastly Appendage ||    11
       Spider Form       ||     2
Armor: Robe              ||    14
Dodge: Dodged            ||    44
